Map: Ruins of Endion

Players

Sevnin

  • Race: Protoss Protoss
  • League: Master

Miszu - Winner!

  • Race: Terran Terran
  • League: Master

VOD

Have the link to the VOD?

Description

Time

  • Played on: May 3, 2016, 12:28 p.m.
  • Length: 13:26
Show
View Real Time Build Order
Export as new Build Order

Sevnin Protoss 

Build Orders: 1 Gate Expand, Dark Templar Rush 

Get SALT Encoding   

  12  0:00  Probe (Chrono Boost)  
  13  0:11  Probe (Chrono Boost)  
  14  0:18  Pylon  
  14  0:24  Probe (Chrono Boost)  
  15  0:36  Probe (Chrono Boost)  
  15  0:40  Gateway  
  16  0:42  Assimilator  
  16  0:47  Probe (Chrono Boost)  
  17  0:57  Probe (Chrono Boost)  
  18  1:08  Probe (Chrono Boost)  
  19  1:23  Nexus  
  19  1:35  Probe (Chrono Boost)  
  19  1:36  Cybernetics Core  
  20  1:43  Assimilator  
  20  1:46  Probe (Chrono Boost)  
  20  1:56  Pylon, Probe (Chrono Boost)  
  21  2:07  Probe (Chrono Boost)  
  22  2:12  Warp Gate  
  22  2:14  Adept  
  24  2:21  Mothership Core (Chrono Boost)  
  26  2:36  Probe (Chrono Boost)  
  27  2:39  Probe (Chrono Boost)  
  28  2:44  Robotics Facility  
  28  2:47  Probe (Chrono Boost)  
  28  2:49  Probe (Chrono Boost)  
  30  2:57  Probe (Chrono Boost)  
  31  2:58  Twilight Council  
  31  3:00  Probe (Chrono Boost)  
  32  3:06  Pylon  
  32  3:08  Probe (Chrono Boost)  
  32  3:10  Probe (Chrono Boost)  
  34  3:18  Probe (Chrono Boost)  
  35  3:21  Probe (Chrono Boost)  
  35  3:26  Warp Prism  
  36  3:29  Probe (Chrono Boost)  
  36  3:31  Probe (Chrono Boost)  
  40  3:40  Dark Shrine  
  41  3:41  Probe (Chrono Boost)  
  41  3:43  Probe (Chrono Boost)  
  42  3:51  Gateway  
  42  3:54  Probe x2 (Chrono Boost)  
  42  3:55  Gateway  
  44  4:00  Observer  
  45  4:06  Probe x2 (Chrono Boost)  
  45  4:09  Assimilator  
  47  4:10  Assimilator  
  47  4:14  Pylon  
  47  4:16  Probe (Chrono Boost)  
  49  4:17  Pylon  
  49  4:18  Probe (Chrono Boost)  
  49  4:21  Pylon  
  49  4:27  Probe (Chrono Boost)  
  49  4:30  Probe (Chrono Boost)  
  51  4:37  Probe (Chrono Boost)  
  52  4:38  Pylon  
  53  4:49  Nexus  
  52  4:53  Dark Templar x2  
  52  4:56  Dark Templar  
  59  5:00  Probe (Chrono Boost)  
  59  5:01  Probe (Chrono Boost)  
  60  5:10  Probe (Chrono Boost)  
  60  5:12  Probe (Chrono Boost)  
  62  5:19  Pylon  
  62  5:21  Probe (Chrono Boost)  
  61  5:22  Probe (Chrono Boost)  
  61  5:26  Blink (Chrono Boost)  
  62  5:31  Probe  
  62  5:32  Probe  
  64  5:36  Immortal  
  64  5:37  Pylon  
  64  5:38  Stalker  
  64  5:39  Stalker  
  64  5:42  Probe  
  70  5:44  Probe  
  70  5:46  Stalker  
  74  5:52  Probe  
  74  5:56  Probe  
  76  6:01  Probe  
  76  6:03  Probe  
  77  6:06  Assimilator  
  77  6:07  Assimilator  
  77  6:08  Gateway, Probe  
  77  6:09  Gateway  
  79  6:11  Probe  
  79  6:14  Probe  
  79  6:16  Sentry x2  
  79  6:17  Sentry  
  87  6:20  Probe  
  87  6:22  Probe  
  89  6:29  Probe  
  90  6:33  Probe  
  90  6:34  Forge, Probe  
  90  6:36  Forge  
  92  6:40  Probe  
  92  6:41  Pylon  
  92  6:44  Stalker x3  
  92  6:45  Probe x2  
  101  6:57  Probe  
  101  7:01  Pylon, Resonating Glaives (Chrono Boost)  
  102  7:05  Pylon  
  102  7:06  Stalker x2  
  106  7:14  Observer  
  107  7:17  Adept x3  
  113  7:23  Photon Cannon  
  113  7:24  Photon Cannon  
  113  7:26  Photon Cannon  
  113  7:40  Probe x2  
  111  7:44  Stalker x5  
  121  7:57  Probe  
  119  8:03  Observer  
  120  8:10  Gateway  
  120  8:11  Gateway x2  
  120  8:12  Gateway  
  120  8:15  Templar Archives  
  120  8:16  Stalker x5  
  118  8:28  Pylon  
  118  8:29  Pylon  
  118  8:31  Pylon  
  110  8:41  Stalker x3  
  116  9:02  Psionic Storm  
  116  9:10  Forge  
  116  9:11  Forge, Stalker x3  
  116  9:16  Stalker x4  
  127  9:42  Stalker x4  
  133  9:52  Protoss Ground Weapons Level 1 (Chrono Boost), Protoss Ground Armor Level 1 (Chrono Boost)  
  133  9:55  Probe  
  133  9:56  Charge  
  133  9:59  Adept  
  136  10:00  Adept x2  
  136  10:02  Probe  
  141  10:10  Pylon  
  141  10:12  Pylon  
  141  10:13  Pylon  
  141  10:14  Pylon  
  141  10:16  Pylon  
  142  10:28  Probe  
  142  10:32  Stalker x7  
  156  10:41  Immortal  
  160  10:47  Stargate  
  160  10:48  Stargate  
  160  10:52  Gateway x2  
  160  10:53  Gateway  
  160  10:55  Probe x2  
  162  10:58  Adept x4  
  162  10:59  Adept x3  
  162  11:02  Probe  
  171  11:37  Nexus  
  163  12:02  Oracle  
  163  12:03  Oracle  
  163  12:06  Stargate  
  163  12:07  Fleet Beacon  
  169  12:17  Adept  
  169  12:18  Adept x6  
  136  12:46  Adept x8  
  80  13:11  Adept x8  
  83  13:15  Assimilator  
  83  13:18  Assimilator  
Show
View Real Time Build Order
Export as new Build Order

Miszu Terran - Winner!

Build Orders: Command Center First (CC), MMM Bio 

Get SALT Encoding   

  12  0:00  SCV  
  13  0:12  SCV  
  14  0:17  Supply Depot  
  14  0:24  SCV  
  15  0:39  SCV  
  16  0:51  SCV  
  17  0:59  Command Center  
  17  1:03  SCV  
  18  1:15  SCV  
  18  1:17  Barracks  
  19  1:27  SCV  
  19  1:31  Barracks  
  20  1:39  SCV  
  21  1:45  Barracks  
  21  1:51  SCV  
  22  2:03  Orbital Command  
  22  2:04  Marine  
  23  2:16  Orbital Command  
  23  2:19  Marine  
  24  2:23  Marine  
  24  2:28  Refinery x2  
  25  2:30  SCV  
  25  2:33  Marine  
  27  2:38  Marine  
  27  2:41  Marine  
  27  2:42  SCV  
  27  2:43  SCV  
  31  2:49  Supply Depot  
  31  2:54  SCV  
  31  2:55  Marine  
  31  2:56  SCV  
  31  2:57  Marine  
  35  3:00  Barracks Tech Lab  
  35  3:06  SCV  
  35  3:09  SCV  
  35  3:12  Supply Depot, Marine  
  37  3:15  Marine  
  37  3:18  Marine, SCV  
  41  3:21  SCV  
  42  3:30  Marine  
  42  3:31  SCV  
  42  3:32  Factory  
  42  3:33  Marine  
  45  3:35  Marine, SCV  
  47  3:44  SCV  
  47  3:46  Supply Depot  
  47  3:47  SCV  
  47  3:48  Marine  
  49  3:51  Marine  
  49  3:54  Marauder  
  53  3:56  SCV  
  54  4:04  Engineering Bay, Refinery  
  54  4:07  SCV  
  54  4:08  Marine, SCV  
  57  4:10  Marine  
  57  4:12  Supply Depot  
  58  4:19  SCV  
  58  4:20  SCV  
  58  4:21  Starport  
  58  4:22  Factory Reactor  
  60  4:30  Barracks Reactor, Barracks Tech Lab  
  60  4:31  SCV  
  60  4:32  Missile Turret  
  60  4:36  Missile Turret  
  60  4:37  SCV  
  62  4:43  Supply Depot, SCV  
  63  4:47  Marauder  
  63  4:49  SCV  
  66  4:53  Marauder  
  66  4:56  SCV  
  69  5:04  Supply Depot  
  69  5:05  Terran Infantry Weapons Level 1, Factory Reactor  
  69  5:07  Marine x2  
  69  5:08  Marauder  
  72  5:21  Missile Turret  
  72  5:26  Medivac x2, Marauder  
  78  5:32  Supply Depot  
  78  5:35  Supply Depot  
  78  5:36  Command Center  
  78  5:37  Barracks Tech Lab  
  78  5:38  Stimpack  
  78  5:51  Refinery  
  78  5:55  Supply Depot  
  78  5:56  Widow Mine x2  
  84  5:57  Marauder  
  84  5:58  Supply Depot  
  84  6:00  Liberator  
  84  6:06  Marine x2  
  84  6:07  Liberator  
  86  6:15  Barracks  
  86  6:17  Marine, Barracks  
  86  6:18  Marine  
  91  6:19  Supply Depot  
  91  6:20  SCV x2  
  96  6:32  SCV, Combat Shields  
  97  6:33  SCV  
  98  6:44  SCV  
  98  6:45  SCV  
  100  6:47  Supply Depot  
  100  6:48  Widow Mine x2  
  100  6:49  Marauder  
  100  6:50  Marauder  
  100  6:53  Orbital Command  
  108  6:55  Marine  
  108  6:56  SCV  
  108  7:01  Medivac  
  112  7:05  Barracks Reactor  
  112  7:07  Medivac, Barracks Tech Lab  
  114  7:11  Marine  
  114  7:12  Marauder  
  117  7:16  Supply Depot  
  117  7:17  Supply Depot  
  117  7:23  Marauder  
  119  7:30  Marauder  
  119  7:31  Medivac  
  120  7:41  Marine x4, Marauder  
  122  7:46  Marauder  
  122  7:51  Engineering Bay, Armory  
  124  7:53  Marauder  
  123  7:59  Marine x2  
  123  8:02  Marauder  
  123  8:03  Marine  
  123  8:04  Orbital Command  
  128  8:06  Medivac x2  
  128  8:07  Marine, Marauder  
  135  8:14  Marauder  
  137  8:24  Marauder  
  137  8:27  Missile Turret  
  137  8:29  Marauder  
  137  8:33  Widow Mine  
  139  8:35  Marine, Marauder  
  142  8:41  Widow Mine  
  142  8:44  Medivac  
  142  8:45  Marauder  
  145  8:50  Marauder  
  145  8:52  Marine  
  148  9:05  Starport  
  148  9:07  Refinery, Fusion Core  
  148  9:11  Refinery  
  148  9:15  Marine  
  149  9:28  Terran Infantry Weapons Level 2  
  149  9:31  Terran Infantry Armor Level 1  
  149  9:35  Liberator  
  149  9:46  Marine, Medivac, Marauder x3  
  149  9:54  Starport Tech Lab  
  149  10:12  Supply Depot  
  149  10:13  Supply Depot  
  149  10:14  Supply Depot  
  149  10:15  Marine  
  149  10:16  Liberator  
  149  10:19  Advanced Ballistics, Liberator  
  149  10:23  Liberator  
  149  10:30  Supply Depot  
  149  10:33  Marine x2  
  149  10:34  Marine x2, Marauder, SCV  
  149  10:35  Marauder x2, SCV x2  
  171  10:47  SCV  
  171  10:49  Barracks  
  172  10:51  Marine, Barracks  
  172  10:52  Marine x2  
  172  10:53  Barracks  
  172  10:55  Marauder  
  172  10:56  Marauder x2  
  181  11:29  Supply Depot  
  181  11:30  Supply Depot x2  
  181  11:33  Liberator x2  
  181  11:34  Liberator  
  181  11:38  Command Center  
  181  11:39  Supply Depot  
  181  11:41  Supply Depot  
  181  11:46  Marine  
  181  11:48  Marine  
  181  11:49  Marine  
  181  11:50  Marauder  
  181  11:51  Marauder x2  
  187  12:11  Marauder  
  187  12:12  Marine  
  190  12:16  Liberator x2  
  190  12:17  Liberator  
  190  12:18  Marine  
  192  12:41  Marine x6, Marauder  
  164  12:59  Marine x4, Barracks Tech Lab  
  164  13:00  Marauder x2  
  164  13:02  Marine  
Tags
 
Add a new tag
Caveats
  • Supply blocks, unpowered buildings, or Contaminate may cause inaccurate times.
  • Supply counts are checked every 10 seconds.